 Dungeon Crawl Stone Soup version 0.30-a0-439-g9e77e4d916 (webtiles) character file.

Game seed: 14327487588975458585

189 Armakuni the Sneak (level 5, -1/38 HPs)
             Began as a Vampire Gladiator on Dec 10, 2022.
             Succumbed to a kobold's poison
             ... on level 3 of the Dungeon.
             The game lasted 00:05:25 (2060 turns).

Armakuni the Sneak (Vampire Gladiator)              Turns: 2060, Time: 00:05:25

Health: -1/38      AC:  6    Str: 13    XL:     5   Next: 40%
Magic:  14/14      EV: 13    Int: 11    God:
Gold:   171        SH:  5    Dex: 17    Spells: 4/4 levels left

rFire   . . .      SeeInvis +    a - +0 long sword
rCold   . . .      Faith    .    (no shield)
rNeg    + . .      Spirit   .    s - +0 leather armour
rPois   .          Reflect  +    c - +0 helmet
rElec   .          Harm     .    (no cloak)
rCorr   .          Rampage  .    f - +1 pair of gloves
Will    .....                    (no boots)
Stlth   +++.......               H - amulet of reflection
HPRegen 0.46/turn                M - ring of magical power
MPRegen 0.14/turn                N - ring of positive energy

@: lethally poisoned (-1 -> -9), flying, healing quickly
A: alive, fangs 3, see invisible, vampiric 2
a: Exsanguinate


You were on level 3 of the Dungeon.
You visited 1 branch of the dungeon, and saw 3 of its levels.

You collected 171 gold pieces.

Inventory:

Hand Weapons
 a - a +0 long sword (weapon)
 b - a +0 dagger
Missiles
 d - 3 throwing nets (quivered)
 e - a javelin
 g - 8 poisoned darts
Armour
 c - a +0 helmet (worn)
 f - a +1 pair of gloves (worn)
 s - a +0 leather armour (worn)
Jewellery
 H - an amulet of reflection (around neck)
 M - a ring of magical power (left hand)
 N - a ring of positive energy (right hand)
Wands
 h - a wand of acid (9)
Scrolls
 l - a scroll of silence {unknown}
 m - a scroll of magic mapping
 n - a scroll of fear
 o - 2 scrolls of poison
 r - a scroll of enchant armour
 t - a scroll of vulnerability {unknown}
 u - a scroll of identify
 w - a scroll of acquirement {unknown}
Potions
 i - a potion of haste {unknown}
 j - a potion of flight
 k - 2 potions of curing {unknown}
 p - a potion of degeneration {unknown}
 q - a potion of might {unknown}
 v - a potion of brilliance {unknown}


   Skills:
 - Level 1.7 Fighting
 - Level 5.0 Long Blades
 - Level 1.5 Throwing
 - Level 3.2 Dodging
 + Level 5.3 Stealth


You had 4 spell levels left.
You didn't know any spells.
Your spell library was empty.

Dungeon Overview and Level Annotations

Branches:
Dungeon (3/15)

Altars:
Cheibriados
Uskayaw

Shops:
D:3 :


Innate Abilities, Weirdness & Mutations

Your natural rate of healing is accelerated.
You have razor-sharp teeth.
You have supernaturally acute eyesight. (SInv)
You are afflicted with vampirism and can become a bat while bloodless.


Message History

The orc shouts!
You slash the giant cockroach!
You kill the giant cockroach!
The kobold hits you with a +2 dagger of venom.
You are poisoned.
You hit the kobold but do no damage.
You feel very sick. The kobold hits you but does no damage.
You are more poisoned.
You barely miss the kobold.
You feel very sick.
The kobold hits you with a +2 dagger of venom.
You are more poisoned.
The orc hits you with a +0 flail. You block the orc's attack.
The kobold hits you with a +2 dagger of venom.
You are lethally poisoned!
You slash the kobold!
You kill the kobold!
You feel extremely sick. The orc hits you but does no damage.
You are too injured to fight recklessly!
You hit the orc but do no damage. You bite the orc.
The orc is severely wounded.
* * * LOW HITPOINT WARNING * * *
You feel very sick.
The orc suddenly shouts.
The orc closely misses you.
You closely miss the orc. Your bite misses the orc.
The orc is severely wounded.
* * * LOW HITPOINT WARNING * * *
You feel very sick. The orc closely misses you.
You slash the orc!
You kill the orc!
* * * LOW HITPOINT WARNING * * *
You feel very sick.
It was a potion of flight.
You feel very buoyant.
You fly up into the air.
You die...

..........................#######
.....#.###########.#####..#
.....#.# #.# #..## .....#.#
#####'#####)..## ### ######.#
#.........#.#..###.. #.#
#.8..8..8.#.##...... ##.#
#.........#.####.>.. #..#
##'##+##+##......#.. #####.#####
##@.# #.######.. ...##.....##
#.))# #.# ### ...........###...##
#.# # ............##..## #.# #
.....)).....##+# #.# #
.....†.......# #.# #
.............# ### ##
<........∩..## ##. ............##
####>.


There were no monsters in sight!

Vanquished Creatures
  Jessica (D:2)
  An orc wizard (D:2)
  5 adders
  A worm (D:3)
  A dart slug (D:3)
  5 orcs (D:3)
  6 ball pythons
  7 endoplasms
  5 giant cockroaches
  7 goblins
  4 hobgoblins
  7 jackals (D:2)
  11 kobolds
  3 quokkas
  4 bats
  3 frilled lizards
  6 rats
77 creatures vanquished.

Notes
Turn   | Place    | Note
-------+----------+-------------------------------------------
     0 | D:1      | Armakuni the Vampire Gladiator began the quest for the Orb.
     0 | D:1      | Reached XP level 1. HP: 16/16 MP: 1/1
   205 | D:1      | Found a faded altar of an unknown god.
   225 | D:1      | Reached XP level 2. HP: 22/22 MP: 2/2
   677 | D:1      | Gained mutation: You are afflicted with vampirism and can
                  | become a bat while bloodless. [Vampire growth]
   677 | D:1      | Reached XP level 3. HP: 27/27 MP: 3/3
   871 | D:2      | Noticed Jessica
   876 | D:2      | Killed Jessica
   886 | D:2      | Reached skill level 5 in Long Blades
   886 | D:2      | Reached XP level 4. HP: 33/33 MP: 4/4
   946 | D:2      | Reached skill level 1 in Stealth
  1476 | D:2      | Found a snail-covered altar of Cheibriados.
  1611 | D:2      | Reached XP level 5. HP: 35/38 MP: 5/5
  1730 | D:3      | Found Ruhy's Book Shoppe.
  1757 | D:3      | Reached skill level 5 in Stealth
  1932 | D:3      | Found a hide-covered altar of Uskayaw.
  2060 | D:3      | Succumbed to a kobold's poison

Illustrated notes

Levels and vault maps discovered:
D:1:      lemuel_arrival_tunnels, layout_loops_ring,
          shapermc_ecumenical_altar_venn, grunt_decor_fettered,
          chequers_hall_statues_y, minmay_pentomino_s4
D:2:      layout_basic, basic_altar, uniq_jessica
D:3:      minmay_chambers_of_threes, layout_rooms, nicolae_uskayaw_dance_hall,
          serial_shops, shop

Skill      XL: |  1  2  3  4  5 |
---------------+----------------+-----
Long Blades    | 4 5 |  5.0
Stealth        | 4 5 |  5.3
Fighting       | |  1.7
Throwing       | |  1.5
Dodging        | |  3.2

Action                   |  1- 3 |  4- 6 || total
-------------------------+-------+-------++-------
Melee: Long sword        |    74 |   150 ||   224
       Bite              |     9 |    10 ||    19
       Punch             |       |     1 ||     1
  Use: Scroll            |     1 |     3 ||     4
       Potion            |       |     1 ||     1
 Stab: Sleeping          |       |     7 ||     7
Armor: Leather armour    |    20 |    44 ||    64
Dodge: Dodged            |    49 |    97 ||   146
Block: Other             |    14 |    44 ||    58

Table legend: (Time is in decaauts)
 A = Elapsed time spent in this place.
 B = Non-inter-level travel time spent in this place.
 C = Inter-level travel time spent in this place.
 D = Time resting spent in this place.
 E = Time spent auto-exploring this place.
 F = Levels seen in this place.
 G = Mean time per level.
                   A        B        C        D        E       F      G
               +--------+--------+--------+--------+--------+-----+--------+
         Total |   2096 |   2039 |     57 |      0 |   1408 |   3 |  698.7 |
       Dungeon |   2096 |   2039 |     57 |      0 |   1408 |   3 |  698.7 |
               +--------+--------+--------+--------+--------+-----+--------+

Top non-repeatable levels by time:
     D:1: 832 daAuts
     D:2: 788 daAuts
     D:3: 475 daAuts
